 Dungeon Crawl Stone Soup version 0.24-a0-282-g1a68c91 (webtiles) character file.

Game seed: 13273504562227725306

205 mhoghedin the Insei (level 5, -8/45 HPs)
             Began as a Demigod Transmuter on May 2, 2019.
             Killed from afar by an orc wizard (10 damage)
             ... with a magic dart
             ... on level 3 of the Dungeon.
             The game lasted 00:05:01 (3736 turns).

mhoghedin the Insei (Demigod Transmuter)            Turns: 3736, Time: 00:05:02

Health: -8/45      AC:  2    Str: 15    XL:     5   Next: 27%
Magic:  8/10       EV: 12    Int: 17    God:
Gold:   100        SH:  0    Dex: 16    Spells: 4/7 levels left

rFire    . . .     SeeInvis .     - Unarmed
rCold    . . .     Gourm    .   (no shield)
rNeg     . . .     Faith    .   b - +0 robe
rPois    .         Spirit   .   (no helmet)
rElec    .         Reflect  .   (no cloak)
rCorr    .         Harm     .   (no gloves)
MR       .....                  (no boots)
Stlth    +.........             i - amulet of regeneration {+regen, !d}
HPRegen  0.55/turn              (no ring)
MPRegen  0.12/turn              (no ring)

@: no status effects
A: high mp 1
a: no special abilities


You were on level 3 of the Dungeon.
You were hungry.

You visited 1 branch of the dungeon, and saw 3 of its levels.

You collected 100 gold pieces.

Inventory:

Missiles
 a - 43 arrows
Armour
 b - a +0 robe (worn)
 e - a +0 helmet
   (You found it on level 2 of the Dungeon)
Jewellery
 i - an amulet of regeneration (around neck) {+regen, !d}
   (You found it on level 2 of the Dungeon)
 l - a +2 ring of strength {unknown}
   (You found it on level 3 of the Dungeon)
Scrolls
 c - a scroll of magic mapping {unknown}
 g - 3 scrolls of remove curse {unknown}
 k - 2 scrolls of enchant armour {unknown}
 m - 3 scrolls of identify {unknown}
Potions
 f - 3 potions of curing {unknown}
 h - a potion of berserk rage {unknown}
 j - a potion of heal wounds {unknown}
Comestibles
 d - 8 rations


   Skills:
 + Level 3.5 Fighting
 - Level 1.7 Dodging
 + Level 4.4 Unarmed Combat
 - Level 1.7 Spellcasting
 - Level 1.7 Transmutations


You had 4 spell levels left.
You knew the following spells:

 Your Spells              Type           Power        Failure   Level  Hunger
a - Beastly Appendage     Tmut           #.....       10%         1    #......
s - Sticks to Snakes      Tmut           #.......     14%         2    ###....

Your spell library contained the following spells:

 Spells                   Type           Power        Failure   Level  Hunger
 Spider Form              Tmut/Pois      #.........   38%         3    ###....
 Ice Form                 Ice/Tmut       #.......     80%         4    #####..
 Blade Hands              Tmut           #.........   95%         5    ######.


Dungeon Overview and Level Annotations

Branches:
Dungeon (3/15)


Innate Abilities, Weirdness & Mutations

You have an increased reservoir of magic. (+10% MP)


Message History

The orc wizard shouts!
You hear a shout!
The orc wizard gestures at you while chanting.
You resist with some effort.
You punch the orc!
You kill the orc!
The orc wizard mumbles some strange words.
The orc wizard flickers and vanishes!
Deactivating autopickup; reactivate with Ctrl-A.
No target in view!
No target in view!
No target in view!
No target in view!
No target in view!
No target in view!
No target in view!
No target in view!
No target in view!
No target in view!
No target in view!
No target in view!
No target in view!
No target in view!
No target in view!
No target in view!
No target in view!
No target in view!
Casting: Sticks to Snakes (safe; 14% risk of failure)
You grow a pair of large bovine horns.
You now have 9/10 mp.
You are feeling hungry.
You hit something. You miss something. Your headbutt misses something.
An orc comes into view. It is wielding a +0 falchion.
Something hits you.
You take 2 damage, and have 43/45 hp.
You hit something. Something hits you.
You hit something but do no damage.
An orc comes into view.
The orc barely misses you. Something hits you.
You take 3 damage, and have 40/45 hp.
You barely miss the orc. You headbutt the orc.
Your transformation is almost over.
Something hits you. The orc barely misses you.
You take 5 damage, and have 35/45 hp.
You punch the orc!
You kill the orc!
You hear some strange, mumbled words.
A magic dart appears from out of thin air!
The magic dart hits you!
An orc comes into view. It is wielding a +0 whip.
You take 8 damage, and have 27/45 hp.
You hit the orc. Your headbutt misses the orc. The orc barely misses you.
Something hits you.
You take 1 damage, and have 26/45 hp.
MP restored: 10 You closely miss the orc.
The orc barely misses you. Something hits you but does no damage.
You closely miss something. The orc closely misses you.
Something barely misses you.
You barely miss something. The orc barely misses you. Something hits you.
You hit something but do no damage. The orc hits you. Something hits you.
You take 8 damage, and have 19/45 hp.
You miss something. The orc barely misses you.
You create a snake!
You now have 43 arrows.
Something hits you. The orc barely misses you.
You take 3 damage, and have 17/45 hp.
You now have 8/10 mp.
You hear some strange, mumbled words.
A puff of flame appears from out of thin air!
The puff of flame hits you!
* * * LOW HITPOINT WARNING * * *
Your ball python closely misses something.
You take 6 damage, and have 11/45 hp.
You swap places.
Your horns disappear.
Something hits you but does no damage.
Your ball python barely misses the orc.
Your ball python grabs the orc.
Your ball python constricts the orc.
The orc hits your ball python.
You hit something. Something hits you.
* * * LOW HITPOINT WARNING * * *
Your ball python bites the orc.
Your ball python constricts the orc.
The orc barely misses your ball python.
You take 3 damage, and have 8/45 hp.
You closely miss something.
You hear some strange, mumbled words.
A magic dart appears from out of thin air!
The magic dart hits you.
* * * LOW HITPOINT WARNING * * *
Your ball python barely misses the orc.
Your ball python constricts the orc.
You take 5 damage, and have 3/45 hp.
Unknown command.
You miss something. The orc hits your ball python.
Your ball python dies!
Something hits you but does no damage.
You hit something but do no damage. Something hits you but does no damage.
You miss something. The orc hits you.
* * * LOW HITPOINT WARNING * * *
You hear some strange, mumbled words.
A magic dart appears from out of thin air!
The magic dart hits you!
You die...

### #.# ..# ####.# #..#)# #..#o#
#..{o# #...@# #....#######
#..........# #..†.......#
#...†......##########
#....#...........#...
#..#.#)#########.#.##
#############..#.#.##.....<#.#.##
.............>.#.#.##.######.#.##


You could see 2 orcs.

Vanquished Creatures
  A black bear (D:3)
  An orc priest (D:3)
  3 adders
  2 oozes
  A worm (D:2)
  2 dart slugs
  2 leopard geckos (D:3)
  4 orcs (D:3)
  9 bats
  2 giant cockroaches (D:3)
  5 goblins
  6 hobgoblins
  4 jackals (D:2)
  4 kobolds
  A quokka (D:3)
  2 ball pythons
  3 frilled lizards
  8 rats
60 creatures vanquished.

Notes
Turn   | Place    | Note
-------+----------+-------------------------------------------
     0 | D:1      | mhoghedin the Demigod Transmuter began the quest for the
                  | Orb.
     0 | D:1      | Reached XP level 1. HP: 15/15 MP: 5/5
    18 | D:1      | Reached skill level 1 in Fighting
    96 | D:1      | Reached skill level 3 in Unarmed Combat
   112 | D:1      | Reached XP level 2. HP: 15/23 MP: 7/7
   554 | D:1      | Learned a level 2 spell: Sticks to Snakes
  1303 | D:2      | HP: 5/24 [ooze (3)]
  1365 | D:2      | HP: 5/24 [jackal (2)]
  1371 | D:2      | HP: 4/24 [jackal (1)]
  1372 | D:2      | Reached skill level 2 in Fighting
  1379 | D:2      | Reached XP level 3. HP: 5/29 MP: 6/8
  1714 | D:2      | HP: 6/29 [worm (7)]
  1901 | D:2      | Found a hazy altar of Hepliaklqana.
  2660 | D:2      | Found a faded altar of an unknown god.
  2742 | D:3      | Found a stormy altar of Qazlal.
  2743 | D:3      | Found a shimmering altar of Xom.
  2916 | D:3      | Found a snail-covered altar of Cheibriados.
  3081 | D:3      | Reached XP level 4. HP: 32/37 MP: 9/9
  3090 | D:3      | HP: 9/37 [orc priest/+0 club (6)]
  3091 | D:3      | Reached skill level 4 in Unarmed Combat
  3313 | D:3      | Reached skill level 3 in Fighting
  3370 | D:3      | Noticed a black bear
  3390 | D:3      | HP: 9/38 [black bear (2)]
  3392 | D:3      | HP: 4/38 [black bear (1)]
  3419 | D:3      | Killed a black bear
  3419 | D:3      | Reached XP level 5. HP: 26/45 MP: 1/10
  3730 | D:3      | HP: 11/45 [something/puff of flame (7)]
  3733 | D:3      | HP: 3/45 [something/magic dart (5)]
  3736 | D:3      | Killed from afar by an orc wizard

Levels and vault maps discovered:
D:1:      wander_arrival_chamber, layout_loops_corners, hangedman_glass_teeth,
          minmay_misc_feat_diagonals, minivault_5
D:2:      layout_rooms, overflow_temple_1_default,
          chequers_ecumenical_altar_grove, nicolae_underground_beach
D:3:      wad_crossroads, layout_basic, old_standard_altar,
          nicolae_overflow_hidden_temple

Skill      XL: |  1  2  3  4 |
---------------+-------------+-----
Fighting       | 1 2 3 |  3.5
Unarmed Combat | 3 4 |  4.4
Dodging        | |  1.7
Spellcasting   | |  1.7
Transmutations | |  1.7

Action                   |  1- 3 |  4- 6 || total
-------------------------+-------+-------++-------
Melee: Unarmed           |   162 |    71 ||   233
       Headbutt          |     7 |     1 ||     8
       Kick              |     1 |     6 ||     7
       Punch             |     1 |       ||     1
 Cast: Beastly Appendage |     5 |     3 ||     8
       Sticks to Snakes  |       |     5 ||     5
  Use: Potion            |     1 |     1 ||     2
 Stab: Sleeping          |     2 |     1 ||     3
  Eat: Chunk             |     6 |     3 ||     9
Armor: Robe              |    38 |     6 ||    44
Dodge: Dodged            |   109 |    40 ||   149

Table legend:
 A = Non-vault XP
 B = Vault XP
 C = Vault XP percentage of total XP
 D = Non-vault monster count
 E = Vault monster count
 F = Vault count percentage of total count
                 A         B        C        D         E       F
            +---------+---------+-------+---------+---------+-------
      Total |     288 |       6 |   2.0 |      56 |       4 |   6.7
            +---------+---------+-------+---------+---------+-------
        D:1 |      31 |       0 |   0.0 |      17 |       0 |   0.0
        D:2 |      68 |       0 |   0.0 |      21 |       0 |   0.0
        D:3 |     189 |       6 |   3.1 |      18 |       4 |  18.2
            +---------+---------+-------+---------+---------+-------

Levels and vault maps discovered:
D:1:      wander_arrival_chamber, layout_loops_corners, hangedman_glass_teeth,
          minmay_misc_feat_diagonals, minivault_5
D:2:      layout_rooms, overflow_temple_1_default,
          chequers_ecumenical_altar_grove, nicolae_underground_beach
D:3:      wad_crossroads, layout_basic, old_standard_altar,
          nicolae_overflow_hidden_temple

Table legend:
 A = Turns spent in this place as a percentage of turns spent in the entire game.
 B = Non-inter-level travel turns spent in this place as a percentage of non-inter-level travel turns spent in the entire game.
 C = Inter-level travel turns spent in this place as a percentage of turns spent in this place.
 D = Turns resting spent in this place as a percentage of non-inter-level travel turns spent in this place.
 E = Turns spent auto-exploring this place as a percentage of non-inter-level travel turns spent in this place.
 F = Non-inter-level travel turns spent in this place divided by the number of levels of this place that you've seen.
                   A       B       C       D       E      F
               +-------+-------+-------+-------+-------+----------------------
         Total | 100.0 | 100.0 |   1.5 |  33.4 |  51.9 | 1226.3
       Dungeon | 100.0 | 100.0 |   1.5 |  33.4 |  51.9 | 1226.3
               +-------+-------+-------+-------+-------+----------------------

Table legend:
 A = Kills in this place as a percentage of kills in entire the game.
 B = Kills by you in this place as a percentage of kills by you in the entire game.
 C = Kills by friends in this place as a percentage of kills by friends in the entire game.
 D = Other kills in this place as a percentage of other kills in the entire game.
 E = Experience gained in this place as a percentage of experience gained in the entire game.
 F = Experience gained in this place divided by the number of levels of this place that you have seen.
                   A       B       C       D       E      F
               +-------+-------+-------+-------+-------+----------------------
         Total | 100.0 | 100.0 |   N/A |   N/A | 100.0 |  98.0
       Dungeon | 100.0 | 100.0 |   N/A |   N/A | 100.0 |  98.0
               +-------+-------+-------+-------+-------+----------------------
